[Event "Titled Tuesday Blitz November 01 Late 2022"]
[White "Djordjevic, Vuk"]
[Black "Storey, Charles H"]
[WhiteFideId "902098"]
[BlackFideId "406686"]
[WhiteElo "2456"]
[BlackElo "2252"]
[Result "1-0"]
[Round "05"]
[TimeControl "180+1"]
[Date "2022.11.02"]
[WhiteClock "0:00:03"]
[BlackClock "0:00:02"]

1. d4 g6 2. e4 Bg7 3. Nf3 c5 4. d5 d6 5. c4 Nf6 6. Nc3 O-O 7. Bd3 e5 8. O-O Na6 9. a3 Bd7 10. Bg5 h6 11. Bd2 Rb8 12. Rb1 Nh5 13. Qc1 Kh7 14. b4 b6 15. Nb5 Bxb5 16. cxb5 Nc7 17. bxc5 dxc5 18. Rd1 Ne8 19. Bc3 Qe7 20. Qb2 f6 21. Nd2 Nd6 22. Nc4 Nf4 23. Bf1 Nxc4 24. Bxc4 Qd6 25. g3 Nh3+ 26. Kg2 Ng5 27. Qc2 Rbd8 28. h4 Nf7 29. h5 g5 30. Be2 Qd7 31. a4 Nd6 32. a5 Kh8 33. Re1 g4 34. axb6 axb6 35. Ra1 f5 36. exf5 Rxf5 37. Bxg4 Rxf2+ 38. Qxf2 Qxg4 39. Bxe5 Nf5 40. Bxg7+ Kxg7 41. Qf4 Nh4+ 42. Kf2 Rf8 43. Qxf8+ Kxf8 44. gxh4 Qxh4+ 45. Ke3 Qd4+ 46. Kf3 Qxd5+ 47. Re4 Qxh5+ 48. Ke3 Qh3+ 49. Kf2 Qf5+ 50. Ke3 Qh3+ 51. Kd2 Qg2+ 52. Re2 Qd5+ 53. Ke1 Qd4 54. Rd1 Qg1+ 55. Kd2 Qd4+ 56. Ke1 Qg1+ 57. Kd2 Qd4+ 58. Kc1 Qc3+ 59. Rc2 Qa1+ 60. Kd2 Qa5+ 61. Ke3 Qxb5 62. Rf2+ Ke7 63. Re1 Kd7 64. Rf7+ Kc6 65. Rf6+ Kb7 66. Rf7+ Kc6 67. Rf6+ Kb7 68. Ref1 Qb3+ 69. Ke4 Qc2+ 70. Kd5 Qd3+ 71. Ke6 Qc4+ 72. Kd6 Qd4+ 73. Ke7 Qc4 74. Re1 Ka6 75. Ree6 1-0


[Site "https://www.chess.com"]

[Event "Titled Tuesday Blitz November 01 Late 2022"]
[White "Do Nascimento,Christian Almeida"]
[Black "Romero Ruscalleda, Josep"]
[WhiteFideId "2143801"]
[BlackFideId "2231859"]
[WhiteElo "2079"]
[BlackElo "2282"]
[Result "0-1"]
[Round "05"]
[TimeControl "180+1"]
[Date "2022.11.02"]
[WhiteClock "0:00:22"]
[BlackClock "0:00:46"]

1. d4 g6 2. e4 Bg7 3. Nc3 d6 4. Be3 a6 5. f3 b5 6. Qd2 Bb7 7. O-O-O Nd7 8. Kb1 Rc8 9. h4 h5 10. Nh3 c5 11. dxc5 Nxc5 12. Nd5 Nf6 13. Nxf6+ Bxf6 14. Bd4 Nd7 15. Bxf6 Nxf6 16. Bd3 Qc7 17. Rhe1 Nd7 18. f4 Nc5 19. e5 d5 20. Ng5 e6 21. Be2 Ne4 22. Nxe4 dxe4 23. g4 hxg4 24. Bxg4 Rxh4 25. Qe2 Bd5 26. Rxd5 exd5 27. Bxc8 Qxc8 28. Rd1 Rxf4 29. Rxd5 Qc4 30. Qxc4 bxc4 31. Kc1 e3 32. Kd1 Rf2 33. Rc5 Rd2+ 34. Kc1 Rd4 35. e6 f5 36. Re5 f4 37. c3 Rd3 38. Re4 g5 39. Kc2 Rd2+ 40. Kc1 Rf2 41. Rxc4 g4 0-1


[Site "https://www.chess.com"]

[Event "Titled Tuesday Blitz November 01 Late 2022"]
[White "Ezat, Mohamed"]
[Black "Gubajdullin, Alexei"]
[WhiteFideId "10600906"]
[BlackFideId "4141202"]
[WhiteElo "2386"]
[BlackElo "2200"]
[Result "0-1"]
[Round "05"]
[TimeControl "180+1"]
[Date "2022.11.02"]
[WhiteClock "0:00:20"]
[BlackClock "0:00:09"]

1. d4 Nf6 2. c4 g6 3. Nc3 Bg7 4. e4 d6 5. Be2 O-O 6. Bg5 Na6 7. Qd2 e5 8. d5 Nc5 9. f3 a5 10. g4 c6 11. h4 Qb6 12. h5 a4 13. Nh3 Qb4 14. Rb1 cxd5 15. cxd5 Bd7 16. Bh6 a3 17. bxa3 Qxa3 18. Bxg7 Kxg7 19. Ng5 h6 20. Nxf7 Kxf7 21. hxg6+ Kxg6 22. Rxh6+ Kf7 23. g5 Ng8 24. Rxd6 Nd3+ 25. Bxd3 Qxd6 26. Rxb7 Rfb8 27. Rxb8 Rxb8 28. Qh2 Kg7 29. Ne2 Rb2 30. a3 Qc7 31. Kf2 Bb5 32. Bxb5 Rxb5 33. f4 Rb2 34. f5 Rxe2+ 35. Kxe2 Qc2+ 36. Kf3 Qxh2 37. f6+ Kf7 38. Kg4 Qf4+ 39. Kh5 Nxf6+ 40. gxf6 Kxf6 0-1


[Site "https://www.chess.com"]

[Event "Titled Tuesday Blitz November 01 Late 2022"]
[White "Faizrakhmanov, Ramil"]
[Black "Miszler, Levente"]
[WhiteFideId "24103209"]
[BlackFideId "763276"]
[WhiteElo "2421"]
[BlackElo "2176"]
[Result "1-0"]
[Round "05"]
[TimeControl "180+1"]
[Date "2022.11.02"]
[WhiteClock "0:00:09"]
[BlackClock "0:00:07"]

1. d4 Nf6 2. c4 e6 3. Nf3 b6 4. g3 Bb7 5. Bg2 Be7 6. O-O O-O 7. Nc3 Ne4 8. Bd2 Nxc3 9. Bxc3 d6 10. Qc2 c5 11. Ng5 Bxg5 12. Bxb7 Nd7 13. Bxa8 Qxa8 14. Rad1 Be7 15. dxc5 Nxc5 16. Bb4 Rc8 17. Bxc5 Rxc5 18. Qd3 g6 19. b3 Rh5 20. Qf3 Qc8 21. Rd3 Qc5 22. Rfd1 Qa3 23. R3d2 Qc5 24. e3 Rf5 25. Qb7 Bf8 26. Qxa7 h5 27. Qa8 Kg7 28. Qe4 Qa5 29. h4 Re5 30. Qd4 Kg8 31. Kg2 Rf5 32. Qe4 Qc5 33. Rd4 Qa5 34. R1d2 Qc3 35. Qd3 Qa5 36. e4 Re5 37. f4 Rc5 38. Qe2 Qc3 39. Qf3 Qa1 40. R4d3 Ra5 41. a4 Qf6 42. Qe3 Qd8 43. e5 d5 44. cxd5 exd5 45. Qf3 Qc8 46. Rxd5 Qc1 47. Qd1 Qc3 48. Rxa5 bxa5 49. Rd8 Kg7 50. Rd7 Bc5 51. e6 Qe3 52. exf7 Qf2+ 53. Kh3 Qe3 54. f8=Q+ Kxf8 55. Rd8+ Kf7 56. Qd5+ Kg7 57. Qe5+ 1-0


[Site "https://www.chess.com"]

[Event "Titled Tuesday Blitz November 01 Late 2022"]
[White "Fernandez Siles, Luis"]
[Black "Antonio, Jorge Carlos"]
[WhiteFideId "2209420"]
[BlackFideId "113190"]
[WhiteElo "2186"]
[BlackElo "2247"]
[Result "1-0"]
[Round "05"]
[TimeControl "180+1"]
[Date "2022.11.02"]
[WhiteClock "0:00:15"]
[BlackClock "0:00:16"]

1. e4 c5 2. Nf3 e6 3. c3 Nc6 4. d4 cxd4 5. cxd4 d5 6. e5 a6 7. Nc3 Nge7 8. Bd3 g6 9. h4 h5 10. Bg5 Qb6 11. Bf6 Rg8 12. Na4 Qa5+ 13. Kf1 Nf5 14. Bxf5 gxf5 15. Rc1 Bd7 16. Nc5 Bxc5 17. Rxc5 Qxa2 18. Ng5 Qxb2 19. g3 Qxd4 20. Qxh5 Rf8 21. Rc1 Ne7 22. Kg2 Ng6 23. Rhd1 Qg4 24. Qh7 Nf4+ 25. Kf1 Qe2+ 26. Kg1 Ng6 27. h5 Nxe5 28. h6 Ng4 29. Rf1 Nxf6 30. Qg7 Ke7 31. Rfe1 Qh5 32. Rc7 Rad8 33. Rxe6# 1-0


[Site "https://www.chess.com"]

[Event "Titled Tuesday Blitz November 01 Late 2022"]
[White "Freile Martin, Javier"]
[Black "Dzierzak, Radoslaw"]
[WhiteFideId "3600165"]
[BlackFideId "1161407"]
[WhiteElo "2289"]
[BlackElo "2111"]
[Result "1-0"]
[Round "05"]
[TimeControl "180+1"]
[Date "2022.11.02"]
[WhiteClock "0:00:29"]
[BlackClock "0:00:03"]

1. c4 Nf6 2. Nc3 e6 3. e4 e5 4. Nf3 Nc6 5. a3 Bc5 6. b4 Bd4 7. Bb2 O-O 8. b5 Ne7 9. d3 c5 10. Nxd4 exd4 11. Ne2 d6 12. Bc1 Nh5 13. Ng3 Nxg3 14. hxg3 g6 15. Bh6 Re8 16. Be2 f5 17. Bf3 fxe4 18. Bxe4 d5 19. cxd5 Nxd5 20. Kf1 Be6 21. Qf3 Qd6 22. Rh4 Rf8 23. Bxf8 Rxf8 24. Qe2 Qxg3 25. Rh1 Ne3+ 26. Kg1 Qg4 27. Qxg4 Nxg4 28. f3 Ne5 29. Bxb7 Nxd3 30. a4 Bb3 31. a5 c4 32. b6 axb6 33. a6 Nc5 34. a7 Nxb7 35. a8=Q Rxa8 36. Rxa8+ Kf7 37. Ra7 c3 38. Rxb7+ Ke6 39. Rxb6+ Kd5 40. Rxb3 Kc4 41. Rb8 c2 42. Kf2 d3 43. Rc8+ Kb3 44. Ke3 1-0


[Site "https://www.chess.com"]

[Event "Titled Tuesday Blitz November 01 Late 2022"]
[White "Galchenko, Matvey"]
[Black "Szpar, Milosz"]
[WhiteFideId "24175480"]
[BlackFideId "1184989"]
[WhiteElo "2423"]
[BlackElo "2422"]
[Result "1-0"]
[Round "05"]
[TimeControl "180+1"]
[Date "2022.11.01"]
[WhiteClock "0:00:49"]
[BlackClock "0:01:23"]

1. f4 d5 2. Nf3 g6 3. g3 Bg7 4. Bg2 c6 5. O-O Qb6+ 6. d4 Nh6 7. e3 O-O 8. c4 dxc4 9. Nc3 Bg4 10. h3 Bxf3 11. Qxf3 Nd7 12. g4 e6 13. Kh1 Qc7 14. Bd2 Rac8 15. a4 f5 16. Rac1 Nf7 17. Qe2 Nd6 18. e4 fxe4 19. Nxe4 Nb6 20. Ng5 Rce8 21. Rce1 Nd5 22. Nxe6 Qd7 23. Nxf8 Rxe2 24. Nxd7 Rxd2 25. f5 Bxd4 26. Bxd5+ cxd5 27. f6 Rf2 28. Rxf2 Bxf2 29. Re7 d4 30. Ne5 d3 31. Rd7 Bc5 32. Rd8+ 1-0


[Site "https://www.chess.com"]

[Event "Titled Tuesday Blitz November 01 Late 2022"]
[White "Gallegos Diaz, Carlos Alberto"]
[Black "Gunduz, Umut Erdem"]
[WhiteFideId "3900886"]
[BlackFideId "6381383"]
[WhiteElo "2362"]
[BlackElo "2182"]
[Result "0-1"]
[Round "05"]
[TimeControl "180+1"]
[Date "2022.11.02"]
[WhiteClock "0:00:03"]
[BlackClock "0:00:22"]

1. e4 e5 2. Nf3 Nc6 3. Bb5 a6 4. Ba4 Nf6 5. O-O Be7 6. Bxc6 dxc6 7. d3 Qd6 8. Nbd2 Be6 9. d4 Nd7 10. c3 O-O-O 11. Qe2 exd4 12. Nxd4 g5 13. Nc4 Bxc4 14. Qxc4 Ne5 15. Qe2 Qf6 16. Nf5 Bc5 17. Be3 Bxe3 18. Qxe3 Kb8 19. Rad1 h5 20. Rxd8+ Rxd8 21. Qe2 g4 22. Rd1 Qg5 23. Rxd8+ Qxd8 24. Ng3 h4 25. Nf1 h3 26. gxh3 gxh3 27. f4 Ng6 28. Qf3 Qh4 29. f5 Ne5 30. Qe3 Qg4+ 31. Ng3 f6 32. Kf2 Qd1 33. Ne2 Ng4+ 0-1


[Site "https://www.chess.com"]

[Event "Titled Tuesday Blitz November 01 Late 2022"]
[White "Gareyev, Timur"]
[Black "Zierk, Steven"]
[WhiteFideId "14200937"]
[BlackFideId "2034255"]
[WhiteElo "2552"]
[BlackElo "2494"]
[Result "0-1"]
[Round "05"]
[TimeControl "180+1"]
[Date "2022.11.01"]
[WhiteClock "0:00:01"]
[BlackClock "0:00:05"]

1. d4 d5 2. c4 dxc4 3. Nf3 Nf6 4. Nc3 a6 5. e4 b5 6. e5 Nd5 7. a4 e6 8. axb5 Nb6 9. Be2 Bb7 10. Be3 Bb4 11. bxa6 Rxa6 12. Rxa6 Nxa6 13. O-O O-O 14. Qc2 Be7 15. Ra1 Nb4 16. Qd2 Qd7 17. Ra7 Qc6 18. h3 Ra8 19. Rxa8+ Bxa8 20. Bg5 Bf8 21. Ne1 Qd7 22. Bf3 Bxf3 23. Nxf3 h6 24. Be3 N6d5 25. Kh2 Qc6 26. Ne1 Nxc3 27. Qxc3 Nd5 28. Qc2 Qb5 29. Nf3 Nb4 30. Qe4 Nd3 31. Bd2 c6 32. Bc3 Nxf2 33. Qe2 Nd3 34. Ne1 Nf4 35. Qd2 Nd5 36. Nc2 Be7 37. g3 Qb3 38. h4 c5 39. Ne3 Nxe3 40. Qxe3 Qc2+ 41. Kh3 cxd4 42. Qxd4 Qf5+ 43. Kg2 Qc2+ 44. Kh3 Qd3 45. Kg2 Qe2+ 46. Kh3 h5 47. Qf4 Bc5 48. g4 hxg4+ 49. Qxg4 Qe3+ 50. Kg2 Qf2+ 51. Kh3 Qf1+ 52. Qg2 Qf5+ 53. Qg4 g6 54. Qxf5 exf5 55. Kg3 Kf8 56. Kf4 Ke7 57. h5 gxh5 58. Kxf5 Be3 59. Bb4+ Ke8 60. Bd6 h4 61. Kg4 Bf2 0-1


[Site "https://www.chess.com"]

[Event "Titled Tuesday Blitz November 01 Late 2022"]
[White "Goltseva, Ekaterina"]
[Black "Brown, Andrew"]
[WhiteFideId "24173770"]
[BlackFideId "3206513"]
[WhiteElo "2200"]
[BlackElo "2245"]
[Result "0-1"]
[Round "05"]
[TimeControl "180+1"]
[Date "2022.11.02"]
[WhiteClock "0:00:40"]
[BlackClock "0:00:11"]

1. d4 g6 2. e4 Bg7 3. Nc3 c6 4. Be3 d5 5. e5 h5 6. Qd2 Nh6 7. Nf3 Nf5 8. Bg5 Nd7 9. Bd3 Nf8 10. O-O-O Ne6 11. Bxf5 gxf5 12. h4 Nxg5 13. hxg5 b5 14. Kb1 a5 15. Ne2 b4 16. Nf4 Qb6 17. Nxh5 Bf8 18. Nf6+ exf6 19. Rxh8 fxe5 20. Nxe5 Be6 21. g6 fxg6 22. Nxg6 Kf7 23. Ne5+ Ke7 24. Ng6+ Kf7 25. Rxf8+ Rxf8 26. Nxf8 Kxf8 27. Qh6+ Kf7 28. Re1 c5 29. dxc5 Qc6 30. Qh7+ Kf6 31. f4 d4 32. g4 fxg4 33. Qh6+ Kf7 34. f5 Bxa2+ 35. Kxa2 Qxh6 36. Re6 Qh1 37. c6 Qd5+ 38. b3 g3 39. Rg6 g2 40. c7 Qc5 41. Rxg2 Qxc7 42. Rd2 Qc3 43. Rf2 Kf6 44. Kb1 d3 45. cxd3 Qxb3+ 46. Rb2 Qxd3+ 47. Ka2 Kxf5 48. Rb3 Qc4 49. Kb2 Qe2+ 50. Kb1 Ke4 51. Rb2 Qxb2+ 52. Kxb2 Kd4 53. Kb3 Kc5 54. Ka4 Kc4 55. Kxa5 b3 56. Kb6 b2 57. Kc7 b1=Q 58. Kd7 Qe4 59. Kd8 Kb5 60. Kc8 Kc6 61. Kb8 Qa4 62. Kc8 Qa8# 0-1


[Site "https://www.chess.com"]

[Event "Titled Tuesday Blitz November 01 Late 2022"]
[White "Goncalves, Davi Sulzbacher"]
[Black "Plat, Vojtech"]
[WhiteFideId "2154510"]
[BlackFideId "325740"]
[WhiteElo "2182"]
[BlackElo "2514"]
[Result "1/2-1/2"]
[Round "05"]
[TimeControl "180+1"]
[Date "2022.11.02"]
[WhiteClock "0:00:09"]
[BlackClock "0:00:40"]

1. d4 d6 2. Nf3 Bg4 3. Nc3 c6 4. e4 Nd7 5. Be2 Ngf6 6. O-O e5 7. Be3 Be7 8. a4 a5 9. Nh4 Bxe2 10. Qxe2 O-O 11. Nf5 Re8 12. f4 exd4 13. Bxd4 Bf8 14. Rad1 g6 15. Ng3 Bg7 16. h3 Qc7 17. Qf2 b6 18. Kh1 Nc5 19. e5 dxe5 20. Bxe5 Rxe5 21. fxe5 Qxe5 22. Qf4 Qxf4 23. Rxf4 Re8 24. Rdf1 Re6 25. b4 axb4 26. Rxb4 Nfd7 27. Nce4 Be5 28. Nxc5 bxc5 29. Rb7 Nf6 30. Ne2 Bd6 31. Nc1 Nh5 32. a5 Ng3+ 33. Kg1 c4 34. Rbxf7 Nxf1 35. Rxf1 Re5 36. Rd1 Ba3 37. a6 Ra5 38. Ne2 Rxa6 39. Nd4 Bf8 40. Kf1 c5 41. Nb5 Rb6 42. Na3 Rf6+ 43. Ke2 Re6+ 44. Kf3 c3 45. Rd3 Bg7 46. Nb5 c4 47. Rd8+ Kf7 48. Rd7+ Kf8 49. Nd6 Rf6+ 50. Ke2 Re6+ 51. Kf3 h5 52. Nxc4 Re1 53. Nd6 Kg8 54. Rd8+ Kh7 55. Rd7 Kg8 56. Ne4 Rc1 57. Rd8+ Kh7 58. Ng5+ Kh6 59. Nf7+ Kh7 60. Ng5+ Kh6 61. Nf7+ Kh7 62. Ng5+ 1/2-1/2


[Site "https://www.chess.com"]

[Event "Titled Tuesday Blitz November 01 Late 2022"]
[White "Grot, Blazej"]
[Black "Burke, Paul"]
[WhiteFideId "21835845"]
[BlackFideId "2605767"]
[WhiteElo "1739"]
[BlackElo "1870"]
[Result "1-0"]
[Round "05"]
[TimeControl "180+1"]
[Date "2022.11.02"]
[WhiteClock "0:00:04"]
[BlackClock "0:00:01"]

1. e4 e5 2. Nf3 Nc6 3. Bc4 Be7 4. d4 exd4 5. Nxd4 d6 6. Nxc6 bxc6 7. O-O Nf6 8. Nc3 O-O 9. Re1 Be6 10. Bb3 d5 11. exd5 cxd5 12. Bg5 c6 13. Ne2 Ne4 14. Bxe7 Qxe7 15. Nd4 a5 16. Nxc6 Qc5 17. Ba4 Qxf2+ 18. Kh1 Qh4 19. Qf3 Bg4 20. Qf4 g5 21. Ne7+ Kh8 22. Qe5+ f6 23. Qxd5 Nf2+ 24. Kg1 Rad8 25. Qc5 Nh3+ 26. gxh3 Bxh3 27. Qf2 Qg4+ 28. Qg3 Qd4+ 29. Kh1 Qxa4 30. Qxh3 Qe8 31. Nf5 Qc6+ 32. Qg2 Qxg2+ 33. Kxg2 Rd2+ 34. Kf3 Rxc2 35. Re2 Rfc8 36. Rae1 h5 37. Rxc2 Rxc2 38. Re2 Rc5 39. Nd4 Rd5 40. Rd2 g4+ 41. Ke4 Re5+ 42. Kf4 1-0


[Site "https://www.chess.com"]

[Event "Titled Tuesday Blitz November 01 Late 2022"]
[White "Hajiyev, Kanan"]
[Black "Han, Yichen"]
[WhiteFideId "13404148"]
[BlackFideId "1054430"]
[WhiteElo "2118"]
[BlackElo "2323"]
[Result "1-0"]
[Round "05"]
[TimeControl "180+1"]
[Date "2022.11.02"]
[WhiteClock "0:00:15"]
[BlackClock "0:00:03"]

1. d4 Nf6 2. Nf3 e6 3. c4 d5 4. cxd5 exd5 5. Nc3 h6 6. Bf4 c6 7. Qc2 Bd6 8. Bxd6 Qxd6 9. e3 O-O 10. Bd3 Re8 11. O-O a5 12. Rab1 Na6 13. a3 b5 14. a4 Nb4 15. Qe2 Nxd3 16. Qxd3 b4 17. Ne2 Ne4 18. Rfc1 Bf5 19. Qd1 Ng5 20. Ra1 Nxf3+ 21. gxf3 h5 22. Ng3 Qg6 23. h4 Bd7 24. Kg2 Qf6 25. Nxh5 Qxh4 26. Qh1 Qg5+ 27. Ng3 Re6 28. Qh5 Qe7 29. Rh1 Rh6 30. Qe5 Qxe5 31. dxe5 Rxh1 32. Kxh1 Kf8 33. Rc1 Ke7 34. Ne2 Kd8 35. Nd4 Kc7 36. Nb3 Kb6 37. Nc5 Bf5 38. Kg2 Re8 39. e4 Bc8 40. f4 Be6 41. Kf3 dxe4+ 42. Kxe4 Bd5+ 43. Ke3 Rh8 44. Nd7+ Kc7 45. Nc5 Rh3+ 46. Kd4 Rf3 47. Nd3 Kb6 48. Rg1 g6 49. Rh1 Rxd3+ 50. Kxd3 Bxh1 51. Kd4 Bd5 52. f3 Bb3 53. Ke3 1-0


[Site "https://www.chess.com"]

[Event "Titled Tuesday Blitz November 01 Late 2022"]
[White "Harvey, Marcus R"]
[Black "Kanyamarala, Tarun"]
[WhiteFideId "400092"]
[BlackFideId "45004714"]
[WhiteElo "2457"]
[BlackElo "2307"]
[Result "1/2-1/2"]
[Round "05"]
[TimeControl "180+1"]
[Date "2022.11.02"]
[WhiteClock "0:00:12"]
[BlackClock "0:00:02"]

1. c4 e6 2. b3 d5 3. Bb2 d4 4. e3 c5 5. a3 Nc6 6. Nf3 e5 7. exd4 exd4 8. Bd3 Nf6 9. h3 Be7 10. O-O O-O 11. Re1 b6 12. Bf1 Bb7 13. d3 Bd6 14. Nbd2 a5 15. Ng5 Bc7 16. g3 h6 17. Ngf3 Ne7 18. Bg2 Nf5 19. Nf1 Ra7 20. Re2 Qa8 21. Ne1 Nh7 22. Bxb7 Qxb7 23. Bc1 Raa8 24. a4 Rad8 25. Raa2 Rd6 26. Bf4 Rg6 27. Bxc7 Qxc7 28. Nf3 Qb7 29. N1h2 Ng5 30. Nxg5 Rxg5 31. Re4 Nd6 32. Rg4 Rxg4 33. Nxg4 Re8 34. Re2 Qd7 35. Qe1 Rxe2 36. Qxe2 h5 37. Ne5 Qxh3 38. Qf3 Qe6 39. Qxh5 g6 40. Qg5 Nf5 41. Ng4 Kg7 42. Kg2 f6 43. Qf4 Qc6+ 44. Kg1 Qd7 45. Nh2 Qe7 46. Nf3 Nd6 47. Kg2 Nf7 48. g4 Ne5 49. Nxe5 fxe5 50. Qe4 Kf6 51. Qc6+ Qe6 52. Qxe6+ Kxe6 53. Kf3 Kf6 54. Ke4 Ke6 55. f3 g5 56. f4 exf4 57. Kf3 Ke5 58. Ke2 Kf6 59. Kf3 Kg6 60. Kf2 Kg7 61. Kf3 Kf6 62. Ke4 Ke6 63. Kf3 Ke5 64. Kf2 Ke6 65. Ke2 Kf6 66. Kf3 Ke7 67. Kf2 Ke6 68. Kg2 Ke5 69. Kf3 Kf6 70. Ke4 Kg6 71. Kf3 Kg7 72. Kf2 Kf6 73. Ke2 Ke6 74. Kf3 1/2-1/2


[Site "https://www.chess.com"]

[Event "Titled Tuesday Blitz November 01 Late 2022"]
[White "Hoffmann, Asa"]
[Black "Marcolino, Daniel Mattos"]
[WhiteFideId "2001470"]
[BlackFideId "2106841"]
[WhiteElo "2117"]
[BlackElo "2071"]
[Result "1-0"]
[Round "05"]
[TimeControl "180+1"]
[Date "2022.11.02"]
[WhiteClock "0:00:35"]
[BlackClock "0:00:04"]

1. d4 Nf6 2. Bg5 d5 3. Nd2 Nbd7 4. e3 e6 5. f4 Be7 6. Bd3 c5 7. c3 O-O 8. Ngf3 b6 9. Ne5 Bb7 10. O-O Qc7 11. Qf3 Bd6 12. Qh3 Ne4 13. Ndf3 Rae8 14. Rad1 f6 15. Nxd7 Qxd7 16. Bh4 Qc7 17. Bxe4 dxe4 18. Nd2 e5 19. fxe5 fxe5 20. Rxf8+ Rxf8 21. Rf1 Rxf1+ 22. Nxf1 exd4 23. exd4 cxd4 24. cxd4 Bd5 25. b3 a5 26. Bg3 Bxg3 27. Qxg3 Qxg3 28. Nxg3 Kf7 29. Kf2 a4 30. bxa4 Bxa2 31. Nxe4 Ke6 32. Ke3 Bd5 33. g4 h6 34. h4 Bb3 35. Nc3 Bc2 36. Kf4 Kf6 37. Nd5+ Ke6 38. Nxb6 Kd6 39. a5 Bd3 40. h5 Kc6 41. g5 Kb5 42. gxh6 gxh6 43. Ke5 Kxa5 44. Nd7 Kb5 45. Nf6 Kc6 46. d5+ Kc7 47. Ke6 Kd8 48. Kf7 Be2 49. Kg6 Bf3 50. Kxh6 Ke7 51. Kg5 Kf7 52. h6 1-0


[Site "https://www.chess.com"]

[Event "Titled Tuesday Blitz November 01 Late 2022"]
[White "Indjic, Aleksandar"]
[Black "Wieczorek, Oskar"]
[WhiteFideId "911925"]
[BlackFideId "1133950"]
[WhiteElo "2592"]
[BlackElo "2404"]
[Result "1/2-1/2"]
[Round "05"]
[TimeControl "180+1"]
[Date "2022.11.01"]
[WhiteClock "0:00:15"]
[BlackClock "0:00:04"]

1. d4 Nf6 2. c4 c5 3. d5 g6 4. Nc3 Bg7 5. Nf3 d6 6. Bg5 O-O 7. e3 a6 8. a4 Bg4 9. h3 Bxf3 10. gxf3 Nbd7 11. f4 Qa5 12. Bd3 Qb4 13. Ra3 Nb6 14. O-O Nxc4 15. Rb3 Nxb2 16. Qc2 Nxd3 17. Rxb4 Nxb4 18. Qb3 b6 19. e4 Rfe8 20. e5 Nh5 21. Ne4 dxe5 22. fxe5 Bxe5 23. Bd2 a5 24. Re1 Rad8 25. Bxb4 axb4 26. a5 bxa5 27. Nxc5 Bc3 28. Rd1 Nf4 29. Nb7 Rd7 30. Nxa5 Nxh3+ 31. Kf1 Rd6 32. Kg2 Nf4+ 33. Kg3 Be5 34. Kf3 Rf6 35. Ke4 Bc7 36. Nc4 Nh5 37. Qa4 Rf4+ 38. Kd3 Rd8 39. Ne3 Rf6 40. Ke2 Nf4+ 41. Kf1 Bd6 42. Rc1 h5 43. Qa5 Rf8 44. Nc4 h4 45. Nxd6 exd6 46. Qxb4 h3 47. Qd4 Kg7 48. f3 Rh8 49. Kf2 Rh5 50. Rh1 Rxd5 51. Qa1 Rd2+ 52. Ke3 Re2+ 53. Kd4 h2 54. Kc4 Rc2+ 55. Kb3 Re2 56. Kc4 g5 57. Qd4 d5+ 58. Kb3 Kg6 59. Kb4 Rfe6 60. Kb5 R6e5 61. Rxh2 Rxh2 62. Qxe5 Re2 63. Qd6+ f6 64. Qd8 Re6 65. Qg8+ Kh6 66. Qh8+ Kg6 67. Qg8+ Kf5 68. Kc5 Re2 69. Qh7+ Ke6 70. Qg8+ Kf5 71. Qh7+ Ke6 72. Qg8+ Kf5 1/2-1/2


[Site "https://www.chess.com"]

[Event "Titled Tuesday Blitz November 01 Late 2022"]
[White "Ismayil, Malak"]
[Black "Postny, Evgeny"]
[WhiteFideId "13412604"]
[BlackFideId "2804344"]
[WhiteElo "1879"]
[BlackElo "2473"]
[Result "0-1"]
[Round "05"]
[TimeControl "180+1"]
[Date "2022.11.02"]
[WhiteClock "0:00:01"]
[BlackClock "0:00:30"]

1. e4 c5 2. Nf3 d6 3. Bb5+ Bd7 4. Bxd7+ Qxd7 5. O-O g6 6. Re1 Bg7 7. c3 Nf6 8. d4 cxd4 9. cxd4 O-O 10. Nc3 e6 11. h3 Nc6 12. Bg5 Rfe8 13. Qa4 a6 14. Rad1 b5 15. Qc2 Rac8 16. Qd2 Qb7 17. b3 Nd7 18. Ne2 a5 19. Bh6 Bh8 20. d5 exd5 21. Qxd5 Nde5 22. Ng5 Qe7 23. f4 Nb4 24. Qxd6 Qxd6 25. Rxd6 Ned3 26. Rf1 Nc5 27. Ng3 Nxa2 28. f5 Be5 29. fxg6 fxg6 30. Nf5 gxf5 31. Rd5 Nc3 32. Rdd1 Nxd1 33. Rxd1 Nxe4 34. Nxe4 fxe4 0-1


[Site "https://www.chess.com"]

[Event "Titled Tuesday Blitz November 01 Late 2022"]
[White "Itgelt, Khuyagtsogt"]
[Black "Potapova, Margarita"]
[WhiteFideId "4902912"]
[BlackFideId "14126869"]
[WhiteElo "2084"]
[BlackElo "2150"]
[Result "0-1"]
[Round "05"]
[TimeControl "180+1"]
[Date "2022.11.02"]
[WhiteClock "0:00:07"]
[BlackClock "0:00:20"]

1. c4 e6 2. g3 d5 3. Bg2 Nf6 4. Nf3 Be7 5. O-O O-O 6. b3 b6 7. Bb2 Bb7 8. Ne5 Nbd7 9. d3 c5 10. Nd2 Qc7 11. Nxd7 Qxd7 12. Nf3 d4 13. b4 Qc7 14. a4 e5 15. a5 cxb4 16. a6 Bc6 17. e3 Bxf3 18. Qxf3 Rad8 19. Qb7 Qxb7 20. axb7 a5 21. f4 Ng4 22. Rfe1 Nxe3 23. Rxe3 dxe3 24. Bxe5 Bf6 25. Bd5 Bxe5 26. fxe5 b3 27. Ra3 Rxd5 28. cxd5 Rb8 29. Rxb3 Rxb7 30. Kf1 b5 31. Ke2 b4 32. Kxe3 a4 33. Rb1 b3 34. Kd2 a3 35. Kc3 a2 36. Ra1 b2 37. Rxa2 b1=Q 38. Ra8+ Rb8 0-1


[Site "https://www.chess.com"]

[Event "Titled Tuesday Blitz November 01 Late 2022"]
[White "Ivic, Velimir"]
[Black "Sokolovsky, Yahli"]
[WhiteFideId "950122"]
[BlackFideId "2820242"]
[WhiteElo "2625"]
[BlackElo "2316"]
[Result "1-0"]
[Round "05"]
[TimeControl "180+1"]
[Date "2022.11.01"]
[WhiteClock "0:01:55"]
[BlackClock "0:00:09"]

1. e4 d6 2. d4 g6 3. Nc3 Bg7 4. Be3 a6 5. g4 b5 6. Bg2 Bb7 7. h4 Nf6 8. h5 gxh5 9. g5 Ng4 10. Bc1 f5 11. Rxh5 c5 12. exf5 Bxg2 13. Qxg4 cxd4 14. Qxg2 dxc3 15. f6 exf6 16. Qxa8 O-O 17. Qd5+ Kh8 18. g6 Qe8+ 19. Ne2 Qxg6 20. Qf5 Kg8 21. Qxg6 hxg6 22. Rh3 Nc6 23. Nxc3 Nd4 24. Kd1 b4 25. Nd5 Re8 26. Be3 Nf5 27. Kd2 a5 28. Re1 Re5 29. Nf4 Kf7 30. Nd3 Re4 31. Bb6 Rc4 32. Bxa5 Bh6+ 33. Kd1 b3 34. axb3 Rc8 35. Bd2 Ra8 36. Bxh6 1-0


[Site "https://www.chess.com"]

[Event "Titled Tuesday Blitz November 01 Late 2022"]
[White "Jaferian, Koosha"]
[Black "Araujo Sanchez, Josue"]
[WhiteFideId "12507440"]
[BlackFideId "6416896"]
[WhiteElo "2127"]
[BlackElo "2370"]
[Result "0-1"]
[Round "05"]
[TimeControl "180+1"]
[Date "2022.11.02"]
[WhiteClock "0:00:56"]
[BlackClock "0:01:35"]

1. e4 c5 2. Nc3 g6 3. d4 cxd4 4. Qxd4 Nf6 5. Nf3 Bg7 6. e5 Nc6 7. Qa4 Ng8 8. Bf4 Nh6 9. O-O-O O-O 10. h3 d6 11. exd6 exd6 12. Bxd6 Re8 13. Nb5 Nf5 14. Bf4 Qb6 15. Qb3 Be6 16. Bc4 Na5 17. Qb4 Nxc4 18. c3 Qxf2 19. Nc7 a5 20. Qb5 a4 21. Nxe8 a3 22. Nxg7 axb2+ 23. Kb1 Na3# 0-1


[Site "https://www.chess.com"]

[Event "Titled Tuesday Blitz November 01 Late 2022"]
[White "Janaszak, Dawid"]
[Black "Ferriz Barrios, Andres"]
[WhiteFideId "1119206"]
[BlackFideId "5104467"]
[WhiteElo "2226"]
[BlackElo "2260"]
[Result "1-0"]
[Round "05"]
[TimeControl "180+1"]
[Date "2022.11.02"]
[WhiteClock "0:00:25"]
[BlackClock "0:01:44"]

1. d4 Nf6 2. Bf4 d5 3. Nf3 Nbd7 4. e3 e6 5. Bd3 Bd6 6. Ne5 O-O 7. Nd2 Re8 8. h4 Nf8 9. h5 N6d7 10. Qf3 f6 11. Nxd7 Qxd7 12. Bxd6 Qxd6 13. h6 g6 14. Qxf6 Qe7 15. Qxe7 Rxe7 16. Nf3 Nd7 17. c4 c6 18. e4 dxe4 19. Bxe4 e5 20. O-O-O exd4 21. Rxd4 Nf6 22. Rd8+ Re8 23. Rxe8+ Nxe8 24. Nd4 Nd6 25. Bd3 a6 26. c5 Nf7 27. Bc4 Kf8 28. Nf3 Bf5 29. Bxf7 Kxf7 30. Ng5+ Kg8 31. Re1 Kf8 32. Nxh7+ Kf7 33. Ng5+ Kf6 34. f4 Rh8 35. h7 Bd7 36. g3 Bf5 37. b3 Bd7 38. Kb2 Bf5 39. Kc3 Bd7 40. Kb4 Bf5 41. Ka5 Bc8 42. Kb6 Rd8 43. Rh1 Kg7 44. Kc7 Rh8 45. Rd1 Kf6 46. Rd8 1-0


[Site "https://www.chess.com"]